 Dungeon Crawl Stone Soup version bcrawl-1.14 (webtiles) character file.

Game seed: 12246410618737671329

303 OrcJesus the Protected (level 6, 53/53 HPs)
             Began as a Minotaur Archaeologist on Sept 8, 2019.
             Quit the game on level 4 of the Dungeon.
             The game lasted 00:07:27 (2172 turns).

OrcJesus the Protected (Minotaur Archaeologist)     Turns: 2172, Time: 00:07:27

Health: 53/53      AC: 15    Str: 15    XL:     6   Next: 15%
Magic:  5/5        EV: 12    Int: 11    God:
Gold:   203        SH:  0    Dex: 11    Spells: 5/5 levels left

rFire    + + .     SeeInvis .   A - +1 short sword (speed)
rCold    x . .     Gourm    .   (no shield)
rNeg     . . .     Faith    .   f - +8 salamander hide armour {+Fog rF++ rC-}
rPois    .         Spirit   .   c - +1 hat
rElec    .         Reflect  .   (no cloak)
rCorr    .         Harm     .   (no gloves)
MR       .....                  d - +1 pair of boots
Stlth    ++........             B - amulet of the acrobat
HPRegen  0.17/turn              (no ring)
MPRegen  0.09/turn              (no ring)

@: no status effects
A: retaliatory headbutt, horns 2
a: Evoke Fog


You were on level 4 of the Dungeon.
You were not hungry.

You visited 1 branch of the dungeon, and saw 4 of its levels.

You collected 203 gold pieces.

Inventory:

Hand Weapons
 a - a +0 whip
 A - a +1 short sword of speed (weapon)
Armour
 b - a +1 robe
 c - a +1 hat (worn)
 d - a +1 pair of boots (worn)
 f - the +8 salamander hide armour (worn) {+Fog rF++ rC-}

   It greatly protects you from fire.
   It makes you vulnerable to cold.
 p - a +0 scale mail
Jewellery
 l - an uncursed amulet of magic regeneration
 q - an uncursed amulet of guardian spirit
 t - an uncursed amulet of rage
 B - an amulet of the acrobat (around neck)
Scrolls
 h - 2 scrolls of identify
 r - a scroll of remove curse
 u - 3 scrolls of amnesia {unknown}
 v - 2 scrolls of magic mapping
 w - a scroll of immolation
 y - a scroll of teleportation
Potions
 i - a potion of flight
 j - a potion of lignification
 k - a potion of curing
 m - 3 potions of berserk rage {unknown}
 n - 2 potions of degeneration {unknown}
 o - a potion of brilliance
 s - a potion of haste
 x - a potion of mutation
Comestibles
 g - 11 rations {!d}
 z - 3 chunks of flesh


   Skills:
 - Level 4.3 Fighting
 - Level 1.2 Maces & Flails
 - Level 8.5 Armour
 - Level 3.2 Dodging
 - Level 2.6 Stealth
 + Level 0.0 Evocations


You had 5 spell levels left.
You didn't know any spells.
Your spell library was empty.

Dungeon Overview and Level Annotations

Branches:
Dungeon (4/12)
 Temple: D:4-7

Altars:
Hepliaklqana


Innate Abilities, Weirdness & Mutations

You reflexively headbutt those who attack you in melee.
You have a pair of horns on your head.


Message History

You hit the worker ant zombie.
Your headbutt misses the worker ant zombie.
The worker ant zombie is lightly damaged.
You hit the worker ant zombie. You headbutt the worker ant zombie.
The worker ant zombie is moderately damaged.
The worker ant zombie barely misses you.
You completely miss the worker ant zombie.
The worker ant zombie is moderately damaged.
The worker ant zombie closely misses you.
You furiously retaliate!
You headbutt the worker ant zombie, but do no damage.
You hit the worker ant zombie.
The worker ant zombie is moderately damaged.
The worker ant zombie closely misses you.
You hit the worker ant zombie.
The worker ant zombie is moderately damaged.
You hit the worker ant zombie.
The worker ant zombie is heavily damaged.
The worker ant zombie bites you but does no damage.
Are you sure you want to abandon this character and quit the game? (Confirm with "yes".)

#.......#########.########
#.##....# #.# #.##.##.#
#.# #.......# #+#
####.#### ... #.#### ....
#.##.## .....
#.#...####......
#.......@Z......
#.#...####...... #.##.##
....# #.#### ...# #.# ..#
... .# ... # .#


You could see a worker ant zombie.

Vanquished Creatures
  A centaur (D:3)
  2 orc priests
  An orc wizard (D:4)
  4 gnolls (D:4)
  4 adders (D:3)
  2 worms
  2 dart slugs (D:1)
  2 leopard geckos
  4 orcs
  A giant cockroach (D:1)
  4 goblins
  3 hobgoblins
  7 jackals
  A ball python (D:3)
  3 frilled lizards
  12 kobolds
  5 rats
58 creatures vanquished.

Notes
Turn   | Place    | Note
-------+----------+-------------------------------------------
     0 | D:1      | OrcJesus the Minotaur Archaeologist began the quest for the
                  | Orb.
     0 | D:1      | Reached XP level 1. HP: 16/16 MP: 0/0
   215 | D:1      | Reached XP level 2. HP: 25/25 MP: 1/1
   529 | D:2      | Reached XP level 3. HP: 34/34 MP: 2/2
   585 | D:2      | Reached skill level 1 in Armour
   648 | D:2      | Reached skill level 2 in Armour
   716 | D:2      | Found a hazy altar of Hepliaklqana.
   756 | D:2      | Reached XP level 4. HP: 36/41 MP: 3/3
  1234 | D:3      | Reached skill level 3 in Armour
  1379 | D:3      | Reached skill level 4 in Armour
  1408 | D:3      | Noticed a centaur
  1420 | D:3      | Killed a centaur
  1420 | D:3      | Reached skill level 6 in Armour
  1420 | D:3      | Reached XP level 5. HP: 40/47 MP: 4/4
  1622 | D:3      | Reached skill level 7 in Armour
  2080 | D:4      | Reached skill level 8 in Armour
  2080 | D:4      | Reached XP level 6. HP: 53/53 MP: 5/5
  2172 | D:4      | Quit the game

Skill      XL: |  1  2  3  4  5 |
---------------+----------------+-----
Fighting       | 2 4 |  4.3
Armour         | 2 6 8 |  8.5
Maces & Flails | |  1.2
Dodging        | |  3.2
Stealth        | |  2.6

Action                   |  1- 3 |  4- 6 || total
-------------------------+-------+-------++-------
Melee: Whip              |    81 |    40 ||   121
       Headbutt          |     8 |    13 ||    21
       Short sword       |       |    88 ||    88
       Hand axe          |       |     1 ||     1
  Use: Scroll            |       |    11 ||    11
 Stab: Sleeping          |     2 |       ||     2
  Eat: Chunk             |       |     4 ||     4
Armor: Robe              |    16 |       ||    16
       Scale mail        |    10 |    52 ||    62
       Leather armour    |       |     1 ||     1
Dodge: Dodged            |    47 |    54 ||   101
